 Dungeon Crawl Stone Soup version 0.19.1-1-g22dce08 (webtiles) character file.

389 ponk the Magician (level 6, -3/28 HPs)
             Began as a Spriggan Conjurer on Jan 8, 2017.
             Was an Initiate of Sif Muna.
             Slain by a centaur (8 damage)
             ... on level 5 of the Dungeon.
             The game lasted 00:22:03 (4788 turns).

ponk the Magician (Spriggan Conjurer)               Turns: 4788, Time: 00:22:04

Health: -3/28      AC:  4    Str:  4    XL:     6   Next: 49%
Magic:  12/16      EV: 19    Int: 19    God:    Sif Muna [......]
Gold:   167        SH:  0    Dex: 16    Spells: 2 memorised, 14 levels left

rFire  . . .     SeeInvis +     d - +0 dagger
rCold  . . .     Gourm    .     a - +0 robe
rNeg   . . .     Faith    .     (shield restricted)
rPois  .         Spirit   .     (helmet restricted)
rElec  .         Reflect  .     m - +1 cloak
rCorr  .         Harm     .     (gloves unavailable)
MR     +....                    (boots unavailable)
Stlth  +++.......               (no amulet)
                                (no ring)
                                (no ring)

@: very quick
A: unfitting armour, see invisible, herbivore 3, speed 3, slow metabolism 2
a: Renounce Religion


You were on level 5 of the Dungeon.
You worshipped Sif Muna.
Sif Muna was noncommittal.
You were full.

You visited 2 branches of the dungeon, and saw 7 of its levels.

You collected 167 gold pieces.

Inventory:

Hand Weapons
 d - a +0 dagger (weapon)
 j - a +0 dagger
 o - a +0 dagger
Armour
 a - a +0 robe (worn)
 m - a +1 cloak (worn)
 p - a +0 robe
Scrolls
 h - a scroll of teleportation
 l - a scroll of identify
Potions
 i - a potion of heal wounds
 q - a potion of brilliance
Books
 b - a book of Conjurations

   Spells                             Type                      Level
   a - Magic Dart                     Conjuration                  1
   b - Searing Ray                    Conjuration                  2
   c - Dazzling Spray                 Conjuration/Hexes            3
   d - Fulminant Prism                Conjuration/Hexes            4
   e - Iskenderun's Mystic Blast      Conjuration                  4
   f - Iskenderun's Battlesphere      Conjuration/Charms           5
Comestibles
 c - a bread ration
 f - a slice of pizza


   Skills:
 + Level 0.2 Short Blades
 + Level 3.8 Dodging
 + Level 4.0 Stealth
 + Level 0.1 Unarmed Combat
 * Level 6.1 Spellcasting
 + Level 4.3 Conjurations


You had 14 spell levels left.
You knew the following spells:

 Your Spells              Type           Power        Failure   Level  Hunger
a - Magic Dart            Conj           ###.         1%          1    None
b - Searing Ray           Conj           ###...       3%          2    None


Dungeon Overview and Level Annotations

Branches:
Dungeon (6/15)             Temple (1/1) D:4

Altars:
Ashenzari
Cheibriados
Dithmenos
Elyvilon
Fedhas
Gozag
Hepliaklqana
Kikubaaqudgha
Makhleb
Nemelex Xobeh
Okawaru
Qazlal
Ru
Sif Muna
Trog
Vehumet
Xom
Yredelemnul
Zin
The Shining One

Annotations:
D:3 Scuka's ghost, amateur CeHu


Innate Abilities, Weirdness & Mutations

You are very small and have problems with some larger weapons.
You are too small for most types of armour.
You have supernaturally acute eyesight. (SInv)
You are a herbivore.
You cover ground extremely quickly.
You need consume almost no food.


Message History

You hit the centaur but do no damage.
The centaur is heavily wounded.
The centaur closely misses you.
You closely miss the centaur.
The centaur is heavily wounded.
The centaur closely misses you. The centaur misses you.
You hit the centaur but do no damage.
The centaur is heavily wounded.
The centaur hits you.
* * * LOW HITPOINT WARNING * * *
You closely miss the centaur.
The centaur is heavily wounded.
The centaur completely misses you. The centaur closely misses you.
You barely miss the centaur.
The centaur is heavily wounded.
The centaur misses you.
You hit the centaur but do no damage.
The centaur is heavily wounded.
The centaur completely misses you. The centaur hits you!
You die...

### ############
##.####..........#
######.#......#######.#
......###......######.######
.#####.#.##...><...........#
.## #..####.#####.##.###..#
..####..##########.##.[. #
#..........(...(.#.#...#..
..####..#####...@c...#.. ..#
.## #..# ###..#.####.# .# .#
###.># ...<#.# .# # .#
#....#####.##.#.# .# .#
#.#.....##. #.#
.###.#.###.## #.# .....#.#
#... ... ..####.# #..#. #..
#.# #.###..#. #


You could see a centaur.

Vanquished Creatures
  A sky beast (D:5)
  An ogre (D:5)
  2 orc wizards (D:4)
  An iguana (D:5)
  A hound skeleton (D:6)
  4 adders
  An ooze (D:1)
  3 worms
  A dart slug (D:1)
  4 leopard geckos
  An orc (D:4)
  A ball python (D:1)
  4 giant cockroaches
  10 goblins
  5 hobgoblins
  2 quokkas
  4 bats (D:1)
  5 frilled lizards
  9 kobolds
  A leopard gecko skeleton (D:5)
  A leopard gecko zombie (D:5)
  7 rats
69 creatures vanquished.

Notes
Turn   | Place    | Note
-------+----------+-------------------------------------------
     0 | D:1      | ponk the Spriggan Conjurer began the quest for the Orb.
     0 | D:1      | Reached XP level 1. HP: 9/9 MP: 5/5
     2 | D:1      | Noticed a felid
     4 | D:1      | Noticed a formicid
     4 | D:1      | Noticed a demigod
     6 | D:1      | Noticed a centaur
     6 | D:1      | Noticed an octopode
     8 | D:1      | Noticed a vampire
     8 | D:1      | Noticed a dwarf
    10 | D:1      | Noticed an elf
    10 | D:1      | Noticed a spriggan
    12 | D:1      | Noticed a ghoul
    12 | D:1      | Noticed a minotaur
    14 | D:1      | Noticed a troll
    14 | D:1      | Noticed a demonspawn
    16 | D:1      | Noticed a halfling
    16 | D:1      | Noticed a merfolk
    18 | D:1      | Noticed a tengu
    20 | D:1      | Noticed a gargoyle
    22 | D:1      | Noticed a naga
    24 | D:1      | Noticed a draconian
    24 | D:1      | Noticed an ogre
    26 | D:1      | Noticed a human
    26 | D:1      | Noticed a vine stalker
   527 | D:1      | Reached XP level 2. HP: 13/13 MP: 0/6
   531 | D:1      | Learned a level 2 spell: Searing Ray
  1158 | D:1      | Reached XP level 3. HP: 16/16 MP: 1/8
  1712 | D:2      | Reached skill level 3 in Spellcasting
  1914 | D:2      | Found a shimmering altar of Xom.
  1914 | D:2      | Found a snail-covered altar of Cheibriados.
  1919 | D:2      | Found a faded altar of an unknown god.
  1927 | D:2      | Found a hazy altar of Hepliaklqana.
  1929 | D:2      | Found a sacrificial altar of Ru.
  2842 | D:3      | Reached XP level 4. HP: 21/21 MP: 5/9
  3234 | D:3      | Noticed Scuka's ghost (amateur CeHu)
  3323 | D:4      | Found a staircase to the Ecumenical Temple.
  3333 | Temple   | Entered the Ecumenical Temple
  3353 | Temple   | Became a worshipper of Sif Muna the Loreminder
  3618 | D:4      | Found a shattered altar of Ashenzari.
  3696 | D:4      | Reached skill level 4 in Spellcasting
  3710 | D:4      | Reached XP level 5. HP: 9/24 MP: 5/12
  3977 | D:4      | Noticed a phantom
  3981 | D:4      | You fall through a shaft for 2 floors!
  4135 | D:5      | Entered Level 5 of the Dungeon
  4190 | D:5      | Noticed a sky beast
  4225 | D:5      | Killed a sky beast
  4225 | D:5      | Reached skill level 5 in Spellcasting
  4225 | D:5      | Reached XP level 6. HP: 9/28 MP: 1/15
  4510 | D:5      | Reached skill level 6 in Spellcasting
  4788 | D:5      | Slain by a centaur

Skill      XL: |  1  2  3  4  5  6 |
---------------+-------------------+-----
Conjurations   | 3 4 |  4.3
Spellcasting   | 3 4 5 6 |  6.1
Stealth        | 4 |  4.0
Short Blades   | |  0.2
Dodging        | |  3.8
Unarmed Combat | |  0.1

Action                   |  1- 3 |  4- 6 || total
-------------------------+-------+-------++-------
Melee: Unarmed           |     1 |       ||     1
       Dagger            |       |    46 ||    46
 Cast: Magic Dart        |    99 |    91 ||   190
  Use: Scroll            |     3 |     4 ||     7
       Potion            |     5 |     2 ||     7
  Eat: Bread ration      |       |     1 ||     1
Armor: Robe              |       |     3 ||     3
Dodge: Dodged            |     6 |    61 ||    67
